 Dungeon Crawl Stone Soup version 0.18.1-6-gd335043 (webtiles) character file.

22227 lightmor the Covert (level 12, -11/109 HPs)
             Began as a Naga Monk on May 18, 2016.
             Was a Priest of Cheibriados.
             Mangled by a five-headed hydra (12 damage)
             ... on level 3 of the Lair of Beasts.
             The game lasted 00:44:47 (15137 turns).

lightmor the Covert (Naga Monk)                    Turns: 15137, Time: 00:44:48

Health: -11/109    AC:  8    Str: 26    XL:     12   Next: 98%
Magic:  15/19      EV: 12    Int: 20    God:    Cheibriados [***...]
Gold:   644        SH: 13    Dex: 23    Spells: 3 memorised, 4 levels left

rFire  x . .     SeeInvis +       - Unarmed
rCold  + . .     Gourm    .     a - +0 robe
rNeg   . . .     Faith    +     p - +0 shield
rPois  +         Spirit   .     (no helmet)
rElec  .         Dismiss  .     o - +1 cloak
rCorr  .         Reflect  .     i - +0 pair of gloves
SustAt .         Harm     .     (no barding)
MR     +....                    f - amulet of faith
Stlth  +++++++...               w - ring of ice
                                d - +2 ring of intelligence

@: very slow, somewhat resistant to hostile enchantments, extremely stealthy
A: see invisible, deformed body, poison resistance, slowness 2, slow metabolism
1, spit poison 2, AC +4
a: Spit Poison, Bend Time, Temporal Distortion, Renounce Religion


You were on level 3 of the Lair of Beasts.
You worshipped Cheibriados.
Cheibriados was most pleased with you.
You were not hungry.

You visited 2 branches of the dungeon, and saw 12 of its levels.

You collected 752 gold pieces.
You spent 108 gold pieces at shops.

Inventory:

Armour
 a - a +0 robe (worn)
 i - a +0 pair of gloves (worn)
 o - a +1 cloak (worn)
 p - a +0 shield (worn)
Jewellery
 d - a +2 ring of intelligence (left hand)
 f - an amulet of faith (around neck)
 r - a cursed amulet of harm {unknown}
 v - an uncursed ring of wizardry
 w - a ring of ice (right hand)
 B - an uncursed ring of magical power
 G - a +2 amulet of reflection {unknown}
 K - an uncursed ring of positive energy {unknown}
Wands
 u - a wand of digging (13/24)
 A - a wand of confusion (13/48)
 H - a wand of confusion (26/48)
Scrolls
 c - a scroll of fog
 h - 7 scrolls of remove curse
 s - a scroll of identify
 x - a scroll of acquirement {unknown}
 y - a scroll of magic mapping
 F - a scroll of blinking {unknown}
 J - a scroll of enchant weapon {unknown}
 M - 3 scrolls of torment {unknown}
Potions
 e - 3 potions of flight
 g - a potion of cure mutation {unknown}
 n - 2 potions of brilliance {unknown}
 q - a potion of magic {unknown}
 z - 2 potions of curing
 C - a potion of berserk rage {unknown}
 E - a potion of degeneration {unknown}
Books
 l - a book of Necromancy

   Spells                             Type                      Level
   a - Pain                           Necromancy                   1
   b - Animate Skeleton               Necromancy                   1
   c - Vampiric Draining              Necromancy                   3
   d - Regeneration                   Charms/Necromancy            3
   e - Animate Dead                   Necromancy                   4
   f - Control Undead                 Necromancy                   4
 t - a book of Minor Magic

   Spells                             Type                      Level
   a - Magic Dart                     Conjuration                  1
   b - Blink                          Translocation                2
   c - Call Imp                       Summoning                    2
   d - Repel Missiles                 Charms/Air                   2
   e - Slow                           Hexes                        2
   f - Conjure Flame                  Conjuration/Fire             3
   g - Mephitic Cloud                 Conjuration/Poison/Air       3
 I - a book of Misfortune

   Spells                             Type                      Level
   a - Confusing Touch                Hexes                        2
   b - Confuse                        Hexes                        3
   c - Gell's Gravitas                Hexes/Translocation          3
   d - Petrify                        Transmutation/Earth          4
   e - Metabolic Englaciation         Hexes/Ice                    5
   f - Yara's Violent Unravelling     Hexes/Transmutation          5
Comestibles
 b - 12 bread rations
 k - 4 beef jerkies
 m - a slice of pizza
 D - 2 meat rations
 L - 4 chunks of flesh


   Skills:
 + Level 7.4 Fighting
 + Level 2.7 Dodging
 + Level 14.5 Stealth
 - Level 9.1 Shields
 * Level 11.8 Unarmed Combat
 + Level 9.5 Invocations


You had 4 spell levels left.
You knew the following spells:

 Your Spells              Type           Power        Failure   Level  Hunger
a - Regeneration          Chrm/Necr      #.........   61%         3    ####...
b - Blink                 Tloc           N/A          30%         2    ###....
c - Repel Missiles        Chrm/Air       #.....       30%         2    ###....


Dungeon Overview and Level Annotations

Branches:
Dungeon (9/15)             Temple (0/1) D:6            Lair (3/8) D:8
 Shoals (0/4) Lair:3       Spider (0/4) Lair:3          Orc (0/2) D:9

Altars:
Ashenzari
Cheibriados
Dithmenos
Fedhas
Nemelex Xobeh
Ru
Vehumet
Xom
Yredelemnul

Shops:
D:4 }   D:7 *   D:8 *

Annotations:
D:3 Sigmund
D:5 Pavgran's ghost, amateur DrTm
D:6 exclusion: statue
Lair:1 exclusion: ice statue
Lair:2 Sonja


Innate Abilities, Weirdness & Mutations

You cannot wear boots.
Your serpentine skin is tough (AC +4).
You have supernaturally acute eyesight.
Armour fits poorly on your strangely shaped body.
Your system is resistant to poisons.
You cover ground very slowly.
You have a slow metabolism.
You can spit poison.


Message History

You feel better.
You barely miss the five-headed hydra.
The five-headed hydra is moderately wounded.
You block the five-headed hydra's attack.
The five-headed hydra bites you!
* * * LOW HITPOINT WARNING * * *
The five-headed hydra bites you but does no damage.
The five-headed hydra misses you. The five-headed hydra bites you!
* * * LOW HITPOINT WARNING * * *
Your surroundings seem slightly different.
The five-headed hydra bites you!
* * * LOW HITPOINT WARNING * * *
You block the five-headed hydra's attack.
The five-headed hydra closely misses you.
You block the five-headed hydra's attack.
The five-headed hydra bites you but does no damage.
The five-headed hydra bites you.
* * * LOW HITPOINT WARNING * * *
The five-headed hydra bites you!
You die...

#..........###.......
#..........+.......#.
#........#+##.......#
#...........##.....##
#.....#.....##.....##
###.##......#...8..#.
##.##...8..#.....#.
######.....#.....#. .
###P@#P.#.......8.... >.
#.÷..D..##...........
....#††...#§..#..8..>..8. ...
..........#.....##.........
...
.......##..##...##....8...#
.Y
.....#......#.....##.....##
YY.#.####.#.##..#....##...##.
Y### #...........####...###
D.# ##..#.+###.## .....


You could see a five-headed hydra.

Vanquished Creatures
  Harold (Lair:2)
  2 hydras
  A hill giant (D:8)
  A siren (Lair:3)
  6 elephants (Lair:2)
  A black mamba (Lair:2)
  4 spiny frogs
  A rime drake (Lair:3)
  4 komodo dragons
  A troll (D:9)
  A polar bear (Lair:1)
  6 blink frogs
  A spriggan (D:7)
  A wraith (D:8)
  A wyvern (D:9)
  33 yaks
  5 hippogriffs
  4 water moccasins
  3 porcupines
  Duvessa (D:4)
  9 ice beasts
  5 orc warriors
  5 sky beasts
  3 ogres
  A phantom (D:8)
  A wasp (D:9)
  2 necrophages (D:8)
  6 centaurs
  4 crocodiles
  An elf zombie (D:8)
  A big kobold (D:8)
  10 giant frogs
  3 scorpions
  Dowan (D:4)
  4 killer bees (D:8)
  An electric eel (Lair:1)
  6 crimson imps
  A troll skeleton (D:8)
  2 quasits
  2 centaur skeletons
  A giant frog zombie (D:9)
  2 hounds (D:5)
  2 jellies
  7 orc wizards
  3 human zombies (D:8)
  8 orc priests
  Crazy Yiuf (D:4)
  2 human skeletons (D:8)
  7 iguanas
  11 worker ants
  12 sheep
  An ogre zombie (D:8)
  A howler monkey zombie (D:9)
  2 worker ant zombies
  5 adders
  10 river rats (Lair:2)
  6 shadow imps
  5 white imps (Lair:1)
  An adder skeleton (D:6)
  A worm (D:2)
  2 dart slugs
  6 giant geckos
  37 orcs
  11 bats
  5 giant cockroaches
  6 goblins
  5 hobgoblins
  6 jackals
  7 quokkas
  2 ball pythons
  A giant gecko skeleton (D:4)
  6 giant newts
  A jackal skeleton (D:4)
  14 kobolds
  An orc zombie (D:8)
  A quokka skeleton (D:3)
  A quokka zombie (D:5)
  3 rats
349 creatures vanquished.

Vanquished Creatures (others)
  A ghoul (D:1)
  2 draconians (D:1)
  An octopode (D:1)
  A gargoyle (D:1)
  An elf (D:1)
  A formicid (D:1)
  2 humans (D:1)
  A centaur (D:1)
  A mummy (D:1)
  An orc (D:1)
  3 kobolds (D:1)
  3 fungi (Lair:2)
  2 plants (Lair:2)
  5 tentacles (D:1)
  81 tentacle segments (D:1)
106 creatures vanquished.

Grand Total: 455 creatures vanquished

Notes
Turn   | Place    | Note
--------------------------------------------------------------
     0 | D:1      | lightmor the Naga Monk began the quest for the Orb.
     0 | D:1      | Reached XP level 1. HP: 21/21 MP: 1/1
     2 | D:1      | Noticed a human
     2 | D:1      | Noticed a ghoul
     2 | D:1      | Noticed a draconian
     2 | D:1      | Noticed an octopode
     2 | D:1      | Noticed a draconian
     2 | D:1      | Noticed a gargoyle
     2 | D:1      | Noticed a kraken
     2 | D:1      | Noticed a formicid
     2 | D:1      | Noticed a centaur
     2 | D:1      | Noticed a human
     2 | D:1      | Noticed an elf
     4 | D:1      | Killed a ghoul
     4 | D:1      | Killed a human
     5 | D:1      | Killed a draconian
     6 | D:1      | Killed an octopode
     6 | D:1      | Killed a gargoyle
     8 | D:1      | Killed a human
     8 | D:1      | Killed a centaur
     9 | D:1      | Killed a draconian
    10 | D:1      | Killed an elf
    11 | D:1      | Killed a formicid
   288 | D:1      | Reached XP level 2. HP: 21/28 MP: 2/2
   493 | D:1      | Reached skill level 4 in Stealth
   685 | D:1      | Reached XP level 3. HP: 11/34 MP: 3/3
  1380 | D:2      | Found a sacrificial altar of Ru.
  1427 | D:2      | Reached XP level 4. HP: 35/42 MP: 4/4
  1520 | D:2      | Reached skill level 5 in Unarmed Combat
  1604 | D:2      | Reached skill level 5 in Stealth
  1767 | D:2      | Found a snail-covered altar of Cheibriados.
  1774 | D:2      | Became a worshipper of Cheibriados the Contemplative
  1774 | D:2      | Reached * piety under Cheibriados
  1774 | D:2      | Reached ** piety under Cheibriados
  1849 | D:2      | Learned a level 3 spell: Regeneration
  2059 | D:3      | Found a faded altar to an unknown god.
  2156 | D:3      | Noticed Sigmund
  2507 | D:4      | Found a shattered altar of Ashenzari.
  2643 | D:4      | Reached XP level 5. HP: 45/49 MP: 5/5
  2759 | D:4      | Reached *** piety under Cheibriados
  2772 | D:4      | Reached skill level 6 in Stealth
  3020 | D:4      | Reached XP level 6. HP: 21/56 MP: 6/6
  3237 | D:4      | Noticed Duvessa
  3246 | D:4      | Noticed Dowan
  3254 | D:4      | Killed Dowan
  3264 | D:4      | Killed Duvessa
  3264 | D:4      | Reached skill level 7 in Stealth
  3498 | D:4      | Found Xaos's Gadget Emporium.
  3546 | D:4      | Reached XP level 7. HP: 59/62 MP: 7/7
  3599 | D:4      | Noticed Crazy Yiuf
  3603 | D:4      | Killed Crazy Yiuf
  3740 | D:4      | Reached **** piety under Cheibriados
  4032 | D:4      | Reached skill level 8 in Stealth
  4037 | D:5      | Entered Level 5 of the Dungeon
  4038 | D:5      | Found a shimmering altar of Xom.
  4152 | D:5      | Found a sparkling altar of Nemelex Xobeh.
  4163 | D:5      | Reached skill level 1 in Shields
  4163 | D:5      | Reached skill level 1 in Invocations
  4186 | D:5      | Noticed Pavgran's ghost (amateur DrTm)
  4347 | D:5      | Reached XP level 8. HP: 69/69 MP: 7/9
  4401 | D:5      | Found a shadowy altar of Dithmenos.
  4593 | D:5      | Learned a level 2 spell: Blink
  4596 | D:5      | Learned a level 2 spell: Repel Missiles
  4896 | D:6      | Found a staircase to the Ecumenical Temple.
  4942 | D:6      | Reached skill level 9 in Stealth
  5200 | D:6      | Found a radiant altar of Vehumet.
  5582 | D:6      | Reached XP level 9. HP: 66/75 MP: 11/11
  5727 | D:6      | Reached skill level 10 in Stealth
  6231 | D:7      | Found Qideinn's General Store.
  6234 | D:7      | Bought a scroll of teleportation for 30 gold pieces
  6234 | D:7      | Bought a potion of curing for 30 gold pieces
  6639 | D:8      | Noticed a hill giant
  6652 | D:8      | Killed a hill giant
  6652 | D:8      | Reached skill level 11 in Stealth
  6652 | D:8      | Reached skill level 10 in Unarmed Combat
  6652 | D:8      | Reached skill level 5 in Invocations
  6902 | D:8      | Reached XP level 10. HP: 65/84 MP: 12/14
  6933 | D:8      | Reached ***** piety under Cheibriados
  6952 | D:8      | Found a basalt altar of Yredelemnul.
  7398 | D:8      | Found a staircase to the Lair.
  7881 | D:8      | Found Iwul's General Store.
  7889 | D:8      | Bought a scroll of teleportation for 48 gold pieces
  8231 | D:8      | Found a blossoming altar of Fedhas.
  8345 | D:9      | Reached skill level 5 in Shields
  8485 | D:9      | Reached ****** piety under Cheibriados
  8639 | D:9      | Reached skill level 12 in Stealth
  8648 | D:9      | Found a staircase to the Orcish Mines.
  9119 | D:9      | Reached XP level 11. HP: 63/93 MP: 14/16
  9356 | D:9      | Reached skill level 5 in Fighting
  9823 | Lair:1   | Entered Level 1 of the Lair of Beasts
 11000 | Lair:1   | Reached skill level 13 in Stealth
 11516 | Lair:2   | Noticed Sonja
 11613 | Lair:2   | Noticed a four-headed hydra
 11622 | Lair:2   | Killed a four-headed hydra
 11950 | Lair:2   | Noticed Harold
 12046 | Lair:2   | Reached XP level 12. HP: 96/106 MP: 18/18
 13341 | Lair:2   | Reached skill level 14 in Stealth
 13512 | Lair:2   | Killed Harold
 13870 | Lair:3   | Found a staircase to the Shoals.
 14020 | Lair:3   | Found a hole to the Spider Nest.
 15047 | Lair:3   | Noticed a four-headed hydra
 15048 | Lair:3   | Noticed a five-headed hydra
 15129 | Lair:3   | Killed a four-headed hydra
 15137 | Lair:3   | HP: 1/109 [five-headed hydra (6)]
 15137 | Lair:3   | Mangled by a five-headed hydra

Skill      XL: |  1  2  3  4  5  6  7  8  9 10 11 12 |
---------------+-------------------------------------+-----
Stealth        | 4 5 6 7 8 9 11 12 13 14 | 14.5
Unarmed Combat | 5 6 7 8 10 11 | 11.8
Shields        | 1 2 4 6 7 9 |  9.1
Invocations    | 1 3 5 6 8 9 |  9.5
Fighting       | 4 6 7 |  7.4
Dodging        | |  2.7

Action                   |  1- 3 |  4- 6 |  7- 9 | 10-12 || total
-------------------------+-------+-------+-------+-------++-------
Melee: Unarmed           |    98 |   111 |   194 |   696 ||  1099
       Punch             |       |     1 |    11 |    29 ||    41
 Cast: Repel Missiles    |       |       |     2 |     1 ||     3
       Regeneration      |       |       |       |     3 ||     3
       Blink             |       |       |       |     1 ||     1
Invok: Slouch            |       |       |     3 |    18 ||    21
       Bend Time         |       |       |     1 |       ||     1
 Abil: Spit Poison       |     3 |    19 |    41 |    87 ||   150
Evoke: Wand              |       |       |       |     2 ||     2
  Use: Scroll            |     2 |     2 |     6 |     7 ||    17
       Potion            |       |     1 |     1 |     4 ||     6
 Stab: Sleeping          |     4 |     3 |     3 |     5 ||    15
       Distracted        |       |       |       |     3 ||     3
  Eat: Chunk             |     1 |     5 |     9 |    24 ||    39
Armor: Robe              |    32 |    17 |    45 |   127 ||   221
       Skin              |       |     2 |       |       ||     2
Dodge: Dodged            |    68 |    63 |   100 |   326 ||   557
       Deflected         |       |       |     1 |     3 ||     4
Block: Shield            |       |       |       |   256 ||   256
